 Dungeon Crawl Stone Soup version 0.31-a0-836-g3ceb0a68c4 (webtiles) character file.

Game seed: 5929051003412648790

543 Shayle the Trooper (level 7, -1/55 HPs)
             Began as a Demonspawn Reaver on Sept 26, 2023.
             Slain by an ogre
             ... wielding a +0 giant spiked club
              (20 damage)
             ... on level 5 of the Dungeon.
             The game lasted 00:12:21 (3628 turns).

Shayle the Trooper (Demonspawn Reaver)              Turns: 3628, Time: 00:12:22

Health: -1/55      AC:  9    Str: 12    XL:     7   Next: 6%
Magic:  10/10      EV: 10    Int: 16    God:
Gold:   187        SH:  0    Dex: 12    Spells: 5/10 levels left

rFire   . . .        t - +0 whip (venom)
rCold   . . .        (no shield)
rNeg    . . .        n - +0 ring mail
rPois   .            s - +0 helmet
rElec   .            i - +0 cloak
rCorr   .            (no gloves)
SInv    .            (no boots)
Will    .....        (no amulet)
Stlth   +            m - ring of wizardry
HPRegen 0.29/turn    (no ring)
MPRegen 0.24/turn

%: wizardry (x1)
@: no status effects
A: icy blue scales 1, powered by death 1, magic regeneration, weakness stinger 1
a: no special abilities


You were on level 5 of the Dungeon.
You visited 1 branch of the dungeon, and saw 5 of its levels.
You also visited: Ossuary.

You collected 187 gold pieces.

Inventory:

Hand Weapons
 a - a +0 spear
 o - a +0 antimagic hand axe
 t - a +0 whip of venom (weapon)
 v - a +1 vampiric war axe
Missiles
 j - 2 boomerangs (quivered)
Armour
 b - a +0 leather armour
 i - a +0 cloak (worn)
 n - a +0 ring mail (worn)
 s - a +0 helmet (worn)
Jewellery
 m - a ring of wizardry (left hand)
 q - a +4 ring of protection
Wands
 k - a wand of charming (2)
Scrolls
 e - 2 scrolls of vulnerability
 h - a scroll of amnesia
 p - a scroll of blinking
 r - 2 scrolls of teleportation
 x - 2 scrolls of immolation
 y - a scroll of butterflies {unknown}
 A - a scroll of fear {unknown}
 B - a scroll of poison {unknown}
Potions
 c - 3 potions of attraction
 f - a potion of degeneration
 g - 3 potions of curing
 l - a potion of magic
 u - a potion of resistance
 w - 4 potions of might
 z - a potion of lignification


   Skills:
 + Level 4.6 Fighting
 - Level 2.6 Polearms
 - Level 1.7 Dodging
 - Level 2.0 Spellcasting
 - Level 3.0 Conjurations
 + Level 4.4 Necromancy
 + Level 2.5 Translocations
 + Level 2.6 Air Magic


You had 5 spell levels left.
You knew the following spells:

 Your Spells              Type           Power      Damage    Failure   Level
a - Kiss of Death         Conj/Necr      52%        2d9       4%          1
b - Vhi's Electric Charg  Tloc/Air       18%        N/A       52%         4

Your spell library contained the following spells:

 Spells                   Type           Power      Damage    Failure   Level
 Sublimation of Blood     Necr           15%        N/A       4%          2
 Momentum Strike          Conj/Tloc      20%        3d8       9%          2
 Dazzling Flash           Conj/Hex       12%        N/A       28%         3
 Hailstorm                Conj/Ice       6%         3d4       28%         3
 Volatile Blastmotes      Fire/Tloc      10%        2d10      32%         3
 Arcjolt                  Conj/Air       5%         1d15      82%         5
 Petrify                  Tmut/Erth      1%         N/A       86%         4
 Irradiate                Conj/Tmut      3%         3d12      93%         5
 Starburst                Conj/Fire      3%         6d3       100%        6
 Maxwell's Capacitive Co  Air            4%         ∞         100%        8


Dungeon Overview and Level Annotations

Branches:
Dungeon (5/15)            Ossuary (visited)
 Temple: D:4-7

Altars:

Shops:
D:4 :(

Annotations:
D:3 1 runed translucent door, Crazy Yiuf


Innate Abilities, Weirdness & Mutations

You are partially covered in icy blue scales. (AC +2)
You regenerate a little health from kills.
You regenerate magic rapidly.
You have a small tail.


Message History

You hit the gnoll skeleton but do no damage.
You tail-slap the gnoll skeleton, but do no damage.
The gnoll skeleton is severely damaged.
The gnoll skeleton closely misses you.
You hit the gnoll skeleton.
The gnoll skeleton is severely damaged.
You barely miss the gnoll skeleton.
You tail-slap the gnoll skeleton, but do no damage.
The gnoll skeleton is severely damaged.
The gnoll skeleton hits you but does no damage.
You hit the gnoll skeleton.
The gnoll skeleton is almost destroyed.
The gnoll skeleton hits you but does no damage.
You hit the gnoll skeleton.
You destroy the gnoll skeleton!
There is an open door here.
Done exploring.
Done exploring.
There is a gate leading back out of this place here.
Welcome back to the Dungeon!
The ogre barely misses you.
There is a collapsed entrance here.
You hit the ogre.
Your tail-slap misses the ogre.
Your punch misses the ogre.
The ogre is lightly wounded.
You hit the ogre.
The ogre is poisoned.
The ogre is moderately wounded.
The ogre hits you with a +0 giant spiked club!!
You hit the ogre.
The ogre looks as sick as possible!
The ogre is moderately wounded.
The ogre closely misses you.
You hit the ogre.
The ogre looks as sick as possible!
Your tail-slap misses the ogre.
The ogre is heavily wounded.
You barely miss the ogre.
The ogre is heavily wounded.
The ogre hits you with a +0 giant spiked club!!
Ouch! That really hurt!
* * * LOW HITPOINT WARNING * * *
You feel better.
The ogre hits you with a +0 giant spiked club!!
You die...

#..........#
#..........#
#..........#
#.#........# ......
#..........# ......
#..........# ......
#.##'##....# ....
#.#..O#.#+## ###'###
#.#.@.#.#
......#####+#.#...#.#
....#.##......#####O#
....'..'......O.....#
....#..#.......<#.#.#
....##.######...#+#.#
....##.## ....^....#
....##..#...........#
....###.#...(.......#


You could see an ogre (extremely poisoned).

Vanquished Creatures
  An orc warrior (D:5)
  A jelly (D:5)
  A gnoll bouda (D:4)
  An iguana (D:4)
  A mummy (Ossuary)
  5 gnolls (D:4)
  2 adders
  A dart slug (D:2)
  7 orcs (D:3)
  8 bats
  9 endoplasms
  5 giant cockroaches
  9 hobgoblins
  3 jackals (D:3)
  5 quokkas
  4 ball pythons
  2 frilled lizards
  3 gnoll skeletons (Ossuary)
  6 goblins
  7 kobolds
  9 kobold skeletons (Ossuary)
  10 orc skeletons (Ossuary)
  5 rats
105 creatures vanquished.

Vanquished Creatures (collateral kills)
  A wraith (Ossuary)
  An orc priest (D:5)
  An orc wizard (D:5)
  An adder (D:5)
  4 orcs (D:5)
  A gnoll skeleton (Ossuary)
  A kobold skeleton (Ossuary)
10 creatures vanquished.

Vanquished Creatures (others)
  An orc skeleton (Ossuary)
1 creature vanquished.

Grand Total: 116 creatures vanquished

Notes
Turn   | Place    | Note
-------+----------+-------------------------------------------
     0 | D:1      | Shayle the Demonspawn Reaver began the quest for the Orb.
     0 | D:1      | Reached XP level 1. HP: 16/16 MP: 3/3
   100 | D:1      | Reached skill level 1 in Necromancy
   139 | D:1      | Gained mutation: You are partially covered in icy blue
                  | scales. (AC +2) [demonic ancestry]
   139 | D:1      | Reached XP level 2. HP: 22/23 MP: 5/5
   713 | D:1      | Gained mutation: You regenerate magic rapidly. [demonic
                  | ancestry]
   713 | D:1      | Reached XP level 3. HP: 28/28 MP: 6/6
  1412 | D:2      | Reached XP level 4. HP: 33/33 MP: 7/7
  1620 | D:3      | Learned a level 4 spell: Vhi's Electric Charge
  2558 | D:3      | Found a runed translucent door.
  2559 | D:3      | Noticed Crazy Yiuf
  2590 | D:4      | Found Doast's Book Shoppe.
  2614 | D:4      | Found Raostapa's Antique Weapon Emporium.
  2649 | D:4      | Reached skill level 1 in Translocations
  2649 | D:4      | Reached skill level 1 in Air Magic
  2649 | D:4      | Gained mutation: You have a small tail. [demonic ancestry]
  2649 | D:4      | Reached XP level 5. HP: 29/41 MP: 8/8
  2888 | D:4      | Noticed an ogre
  2900 | D:4      | Noticed an ogre
  2900 | D:5      | Entered Level 5 of the Dungeon
  3014 | D:5      | Noticed an orc warrior
  3053 | D:5      | Reached XP level 6. HP: 46/48 MP: 9/9
  3090 | D:5      | Killed an orc warrior
  3307 | D:5      | Found a sand-covered staircase.
  3312 | Ossuary  | Entered an ossuary
  3312 | Ossuary  | Noticed a wraith
  3312 | Ossuary  | Noticed a wraith
  3312 | Ossuary  | Noticed a wraith
  3419 | Ossuary  | Noticed a wraith
  3434 | Ossuary  | Killed a wraith
  3435 | Ossuary  | Gained mutation: You regenerate a little health from kills.
                  | [demonic ancestry]
  3435 | Ossuary  | Reached XP level 7. HP: 37/55 MP: 10/10
  3628 | D:5      | Slain by an ogre

Illustrated notes

Levels and vault maps discovered:
D:1:      dpeg_arrival_oval, layout_basic, kennysheep_another_room,
          minmay_heptomino_h4
D:2:      layout_rooms, minmay_misc_feat_doors
D:3:      layout_basic, uniq_crazy_yiuf_cottage
D:4:      layout_basic, lemuel_tele_altar, overflow_temple_1_default,
          minmay_temple_entry_grid, serial_shops,
          nicolae_shop_competitors_out_of_business, shop, kennysheep_mini_moat,
          shop, nicolae_shop_back_alley_shop, minmay_pentangle, uniq_grinder,
          uniq_ijyb
D:5:      layout_basic, mainiacjoe_overflow_24_doors, enter_ossuary_2,
          guppyfry_early_orc_mine

Skill      XL: |  1  2  3  4  5  6 |
---------------+-------------------+-----
Necromancy     | 1 2 3 4 |  4.4
Fighting       | 3 4 |  4.6
Translocations | 1 2 |  2.5
Air Magic      | 1 2 |  2.6
Polearms       | |  2.6
Dodging        | |  1.7
Spellcasting   | |  2.0
Conjurations   | |  3.0

Action                     |  1- 3 |  4- 6 |  7- 9 || total
---------------------------+-------+-------+-------++-------
  Melee: Spear             |   162 |    70 |       ||   232
         Punch             |     2 |     2 |     1 ||     5
         Whip              |       |   122 |    56 ||   178
         Tailslap          |       |    12 |    14 ||    26
  Throw: Boomerang         |       |     4 |       ||     4
   Cast: Kiss of Death     |     2 |       |       ||     2
  Evoke: Wand              |       |     8 |       ||     8
    Use: Potion            |       |     1 |     1 ||     2
         Scroll            |       |       |    11 ||    11
 Armour: Leather armour    |    94 |       |       ||    94
         Ring mail         |       |   122 |    21 ||   143
  Dodge: Dodged            |   104 |   117 |    22 ||   243

Table legend: (Time is in decaauts)
 A = Elapsed time spent in this place.
 B = Non-inter-level travel time spent in this place.
 C = Inter-level travel time spent in this place.
 D = Time resting spent in this place.
 E = Time spent auto-exploring this place.
 F = Levels seen in this place.
 G = Mean time per level.
                   A        B        C        D        E       F      G
               +--------+--------+--------+--------+--------+-----+--------+
         Total |   3639 |   3552 |     87 |    231 |   1999 |   6 |  606.5 |
       Dungeon |   3321 |   3234 |     87 |    201 |   1952 |   5 |  664.2 |
       Ossuary |    318 |    318 |      0 |     30 |     47 |   1 |  318.0 |
               +--------+--------+--------+--------+--------+-----+--------+

Top non-repeatable levels by time:
     D:1: 993 daAuts
     D:3: 987 daAuts
     D:2: 607 daAuts
     D:5: 419 daAuts
 Ossuary: 318 daAuts
     D:4: 313 daAuts
